 Dungeon Crawl Stone Soup version 0.20.0-15-g7f486f2 (webtiles) character file.

3028 spacegravy the Geomancer (level 9, -3/54 HPs)
             Began as a Gargoyle Earth Elementalist on June 12, 2017.
             Slain by an orc priest
             ... wielding a +0 glaive of chopping
              (12 damage)
             ... on level 6 of the Dungeon.
             The game lasted 00:36:42 (7427 turns).

spacegravy the Geomancer (GrEE)                     Turns: 7427, Time: 00:36:43

Health: -3/54      AC: 11    Str: 14    XL:     9   Next: 86%
Magic:  1/18       EV: 13    Int: 26    God:
Gold:   207        SH:  0    Dex: 10    Spells: 11/20 levels left

rFire    + . .     SeeInvis .   r - +0 whip
rCold    + . .     Gourm    .   (no shield)
rNeg     + + .     Faith    .   f - +2 robe {rC+ rF+}
rPois    ∞         Spirit   .   j - +0 helmet
rElec    +         Reflect  .   C - +0 cloak
rCorr    .         Harm     .   (no gloves)
MR       .....                  (no boots)
Stlth    ++........             (no amulet)
Regen    0.2/turn               y - ring "Astrogis" {rN+ MR- Str+3 Int+6}
MPRegen  0.2/turn               (no ring)

@: no status effects
A: negative energy resistance 1, electricity resistance, unbreathing,
petrification resistance, rot immunity, AC +5
a: no special abilities


You were on level 6 of the Dungeon.
You were very hungry.

You visited 2 branches of the dungeon, and saw 8 of its levels.

You collected 207 gold pieces.


Innate Abilities, Weirdness & Mutations

You are resistant to torment.
Your stone body is resilient. (AC +5)
You are immune to poison.
You resist negative energy. (rN+)
You are resistant to electric shocks. (rElec)
You can survive without breathing.
You are immune to petrification.
You are immune to rotting.


   Skills:
 + Level 5.1 Fighting
 + Level 3.7 Maces & Flails
 + Level 4.4 Dodging
 - Level 2.1 Stealth
 + Level 6.1 Spellcasting
 + Level 6.4 Conjurations
   Level 0.7 Transmutations
 + Level 8.1 Earth Magic


You had 11 spell levels left.
You knew the following spells:

 Your Spells              Type           Power        Failure   Level  Hunger
x - Stone Arrow           Conj/Erth      #####.       1%          3    None
z - Sandblast             Erth           ######       1%          1    None
X - Lee's Rapid Deconstr  Erth           ######....   7%          5    #####..

Inventory:

Hand Weapons
 r - a +0 whip (weapon)
Missiles
 b - 33 stones (quivered)
 t - 3 curare-tipped needles {=f}
Armour
 f - a +2 robe of resistance (worn)
 j - a +0 helmet (worn)
 C - a +0 cloak (worn)
Jewellery
 y - the ring "Astrogis" (left hand) {rN+ MR- Str+3 Int+6}

   [ring of strength]

   It affects your strength (+3).
   It affects your intelligence (+6).
   It protects you from negative energy.
   It affects your resistance to hostile enchantments.
Scrolls
 h - 3 scrolls of identify {@r1}
 k - 2 scrolls of teleportation {@r4}
 n - 2 scrolls of amnesia
 u - 2 scrolls of enchant weapon {unknown}
 x - 3 scrolls of fog
 z - a scroll of immolation {unknown}
 A - 2 scrolls of enchant armour {unknown}
 H - a scroll of magic mapping
Potions
 c - a potion of lignification {!q}
 i - a potion of ambrosia {unknown}
 l - a potion of invisibility {unknown}
 m - 2 potions of heal wounds {unknown}
 p - 2 potions of haste {@q3}
 s - 4 potions of curing {@q1}
 v - a potion of might {unknown}
 w - a potion of cancellation
 B - a potion of berserk rage {unknown}
 D - a potion of resistance {unknown}
 F - a potion of flight {unknown}
 G - a potion of agility
Books
 e - a book of Geomancy

   Spells                             Type                      Level
   a - Sandblast                      Earth                        1
   b - Passwall                       Transmutation/Earth          2
   c - Stone Arrow                    Conjuration/Earth            3
   d - Petrify                        Transmutation/Earth          4
   e - Lee's Rapid Deconstruction     Earth                        5
 o - a book of Conjurations

   Spells                             Type                      Level
   a - Magic Dart                     Conjuration                  1
   b - Searing Ray                    Conjuration                  2
   c - Dazzling Spray                 Conjuration/Hexes            3
   d - Fulminant Prism                Conjuration/Hexes            4
   e - Force Lance                    Conjuration/Translocation    4
   f - Iskenderun's Mystic Blast      Conjuration                  4
 q - a book of Minor Magic

   Spells                             Type                      Level
   a - Magic Dart                     Conjuration                  1
   b - Blink                          Translocation                2
   c - Call Imp                       Summoning                    2
   d - Slow                           Hexes                        2
   e - Conjure Flame                  Conjuration/Fire             3
   f - Mephitic Cloud                 Conjuration/Poison/Air       3
Comestibles
 a - 6 fruits
 d - 3 bread rations
 g - 5 royal jellies
 E - a meat ration

Dungeon Overview and Level Annotations

Branches:
Dungeon (7/15)             Temple (1/1) D:4

Altars:
Ashenzari
Cheibriados
Dithmenos
Elyvilon
Fedhas
Gozag
Hepliaklqana
Kikubaaqudgha
Makhleb
Nemelex Xobeh
Okawaru
Qazlal
Ru
Sif Muna
Trog
Uskayaw
Xom
Yredelemnul
Zin
The Shining One

Shops:
D:5 :

Annotations:
D:6 Sigmund

▒▒▒ ▒▒▒▒▒▒▒▒▒▒ ▒.▒▒▒▒ .........▒▒
.▒...▒▒▒▒▒▒▒▒▒▒▒▒▒
▒▒▒▒▒▒▒...▒▒.▒▒▒...............
▒...........▒▒ ▒▒.▒▒▒▒>▒▒▒▒▒▒▒▒ ▒
▒.▒▒▒▒▒...▒▒.▒▒▒.▒▒ ▒.▒.......
▒.▒.▒▒▒▒▒▒.▒▒▒..▒.▒▒▒▒▒▒.▒.▒▒▒▒▒.
▒.▒...........†▒o........▒.▒ ▒.
▒....▒.▒▒▒....†>8.......▒▒.▒ ▒.
▒......▒▒▒.▒▒▒▒▒...........▒ ▒.
▒...>......▒...▒▒▒[▒▒.▒.▒▒▒▒ ▒.
▒.......▒▒▒.....▒▒[▒▒.▒.▒ ▒.
▒▒..............▒▒.▒▒.▒.▒ ▒.
▒▒▒▒...▒▒▒.....▒▒<▒▒.▒.. ▒.
▒▒.▒▒▒▒▒...▒▒▒.▒▒.▒.▒ ▒.
▒.▒▒▒.▒▒.▒▒ ▒.▒▒.o.▒ ▒.▒▒▒▒.
▒......▒.▒▒▒▒.▒▒▒▒.▒ ▒......


You could see an orc priest.


Message History

The orc priest calls down the wrath of Beogh upon you.
You barely resist.
You hit the orc priest but do no damage.
The orc priest is almost dead.
The orc priest misses you.
You completely miss the orc priest.
The orc priest is almost dead.
The orc priest hits you but does no damage.
Aiming: Sandblast
Aim: an orc priest, wielding a glaive of chopping and wearing a scale mail (almost dead)
The blast of sand hits the orc priest.
The orc priest is almost dead.
b - 33 stones You barely miss the orc priest.
The orc priest is almost dead.
The orc priest calls down the wrath of Beogh upon you.
Pain shoots through your body!
* * * LOW HITPOINT WARNING * * *
You closely miss the orc priest.
The orc priest is almost dead.
The orc priest mumbles some strange prayers to Beogh against you.
Beogh smites you!
* * * LOW HITPOINT WARNING * * *
You barely miss the orc priest.
The orc priest is almost dead.
The orc priest miscasts a cantrip.
You hit the orc priest but do no damage.
The orc priest is almost dead.
The orc priest hits you with a glaive of chopping!
You die...

Action                   |  1- 3 |  4- 6 |  7- 9 || total
-------------------------+-------+-------+-------++-------
Melee: Unarmed           |     2 |       |       ||     2
       Club              |    18 |       |       ||    18
       Whip              |    11 |   312 |   126 ||   449
 Cast: Sandblast         |    39 |    23 |    46 ||   108
       Stone Arrow       |       |     5 |    70 ||    75
       Blink             |       |     1 |       ||     1
  Use: Potion            |       |     5 |       ||     5
       Scroll            |       |       |     6 ||     6
 Stab: Sleeping          |     1 |     4 |     1 ||     6
  Eat: Chunk             |     1 |    10 |     7 ||    18
       Meat ration       |       |       |     1 ||     1
Armor: Robe              |    10 |    87 |   104 ||   201
       Skin              |       |     6 |       ||     6
Dodge: Dodged            |    27 |   142 |   173 ||   342

Vault maps used:
D:1:      dpeg_arrival_connections
D:2:      grunt_temple_overflow_open, cheibriados_altar_1
D:3:      nicolae_overflow_crystal_walls, portal_sewer_entry_c, uniq_grinder
D:4:      grunt_temple_overflow_order_and_chaos_1, minmay_temple_entry_statues,
          minivault_27, serial_bayou_lagoon_a
D:5:      old_standard_altar, first_bread, basic_altar, serial_shops,
          nicolae_shop_behind_doors, minmay_guarded_unrand_vampires_tooth
D:6:      uniq_prince_ribbit1, uniq_sigmund
D:7:      basic_altar, uniq_crazy_yiuf_cottage
Temple:   jpeg_temple_clearing

Notes
Turn   | Place    | Note
-------+----------+-------------------------------------------
     0 | D:1      | spacegravy the Gargoyle Earth Elementalist began the quest for the Orb.
     0 | D:1      | Reached XP level 1. HP: 10/10 MP: 3/3
   150 | D:1      | Reached XP level 2. HP: 15/15 MP: 3/5
   175 | D:1      | Identified a +2 robe of resistance (You found it on level 1 of the Dungeon)
   460 | D:1      | Reached skill level 4 in Earth Magic
   797 | D:2      | Reached XP level 3. HP: 19/19 MP: 4/7
   850 | D:2      | Learned a level 3 spell: Stone Arrow
   871 | D:2      | Found a deep blue altar of Sif Muna.
   872 | D:2      | Found a glowing golden altar of the Shining One.
   884 | D:2      | Learned a level 2 spell: Blink
   896 | D:2      | Found a stormy altar of Qazlal.
  1173 | D:2      | Reached skill level 3 in Spellcasting
  1325 | D:2      | Reached XP level 4. HP: 16/24 MP: 4/8
  1535 | D:2      | Found a snail-covered altar of Cheibriados.
  1605 | D:2      | Reached skill level 1 in Conjurations
  2078 | D:3      | Noticed Grinder
  2081 | D:3      | Paralysed by Grinder for 2 turns
  2116 | D:3      | Paralysed by Grinder for 7 turns
  2141 | D:3      | Paralysed by Grinder for 3 turns
  2147 | D:3      | Paralysed by Grinder for 3 turns
  2154 | D:3      | Paralysed by Grinder for 5 turns
  2157 | D:3      | HP: 2/24 [Grinder/nerve-wracking pain (6)]
  2163 | D:3      | Killed Grinder
  2163 | D:3      | Reached skill level 4 in Spellcasting
  2163 | D:3      | Reached skill level 3 in Conjurations
  2163 | D:3      | Reached skill level 5 in Earth Magic
  2163 | D:3      | Reached XP level 5. HP: 3/28 MP: 0/11
  2163 | D:3      | Reached XP level 6. HP: 3/32 MP: 0/12
  2769 | D:3      | Found a blossoming altar of Fedhas.
  3436 | D:4      | Found a staircase to the Ecumenical Temple.
  3463 | Temple   | Entered the Ecumenical Temple
  3693 | D:4      | Noticed an angel
  3693 | D:4      | Found a shimmering altar of Xom.
  3706 | D:4      | Found a glowing silver altar of Zin.
  3786 | D:4      | You fall through a shaft for 2 floors!
  3913 | D:6      | Reached XP level 7. HP: 26/37 MP: 6/13
  4023 | D:6      | Reached skill level 1 in Fighting
  4023 | D:6      | Reached skill level 2 in Dodging
  4066 | D:6      | Reached skill level 6 in Earth Magic
  4317 | D:6      | Reached skill level 2 in Fighting
  4317 | D:6      | Reached skill level 4 in Conjurations
  4574 | D:5      | Entered Level 5 of the Dungeon
  4595 | D:5      | Reached XP level 8. HP: 45/45 MP: 9/15
  4753 | D:5      | Reached skill level 5 in Spellcasting
  5231 | D:4      | Learned a level 5 spell: Lee's Rapid Deconstruction
  5368 | D:5      | Reached skill level 3 in Fighting
  5368 | D:5      | Reached skill level 3 in Dodging
  5609 | D:5      | Found a shadowy altar of Dithmenos.
  5695 | D:5      | Reached skill level 7 in Earth Magic
  5772 | D:5      | Found a burning altar of Makhleb.
  5790 | D:5      | Reached skill level 1 in Maces & Flails
  5790 | D:5      | Reached skill level 5 in Conjurations
  6139 | D:5      | Killed an unseen horror
  6139 | D:5      | Reached skill level 4 in Fighting
  6139 | D:5      | Reached skill level 2 in Maces & Flails
  6139 | D:5      | Reached XP level 9. HP: 26/52 MP: 4/17
  6288 | D:5      | Found Cuabadgh's Book Boutique.
  6355 | D:6      | Got a slimy golden ring
  6357 | D:6      | Identified the ring "Astrogis" {rN+ MR- Str+3 Int+6} (You found it on level 6 of the Dungeon)
  6393 | D:6      | Noticed a two-headed ogre
  6603 | D:6      | Noticed Sigmund
  6662 | D:5      | Killed a two-headed ogre
  6662 | D:5      | Reached skill level 3 in Maces & Flails
  6662 | D:5      | Reached skill level 4 in Dodging
  6662 | D:5      | Reached skill level 6 in Spellcasting
  6662 | D:5      | Reached skill level 6 in Conjurations
  6827 | D:6      | Reached skill level 8 in Earth Magic
  7003 | D:7      | Reached skill level 5 in Fighting
  7427 | D:6      | Slain by an orc priest

Vanquished Creatures
  A two-headed ogre (D:5)
  An unseen horror (D:5)
  Grinder (D:3)
  A sky beast (D:5)
  2 ice beasts (D:6)
  A black bear (D:6)
  A phantom (D:6)
  A necrophage (D:7)
  An ogre (D:5)
  A centaur (D:5)
  2 scorpions (D:5)
  4 killer bees (D:6)
  2 vampire bats (D:5)
  A howler monkey (D:6)
  A centaur zombie (D:6)
  A centaur skeleton (D:5)
  An orc priest (D:6)
  2 hounds
  2 jellies
  An iguana (D:5)
  4 worker ants
  An orc wizard (D:6)
  A howler monkey zombie (D:3)
  3 gnolls (D:5)
  A howler monkey skeleton (D:5)
  10 adders
  An ooze (D:5)
  4 worms
  A dart slug (D:2)
  6 leopard geckos
  6 orcs
  6 giant cockroaches
  8 goblins
  7 hobgoblins
  8 jackals
  9 kobolds
  2 quokkas
  2 ball pythons
  12 bats
  A frilled lizard (D:2)
  A giant cockroach zombie (D:5)
  A leopard gecko skeleton (D:6)
  A leopard gecko zombie (D:5)
  A quokka skeleton (D:4)
  9 rats
  A plant (D:4)
135 creatures vanquished.

Vanquished Creatures (others)
  A quokka (D:4)
1 creature vanquished.

Grand Total: 136 creatures vanquished
